Penguins vs Senateurs

Created - 25 septembre 2019 at 12:52

Simulating a Pre-Season

Goals
1 2 3 T
Penguins 1 1 1 3
Senateurs 1 0 1 2
Shots
1 2 3 T
Penguins 11 12 8 31
Senateurs 14 6 8 28

1st period

1. Senateurs , Frans Nielsen 2 (Devin Shore 2, Jared McCann 2) at 9:52
2. Penguins , Adam Lowry 1 (Roman Polak 1, Patric Hornqvist 3) at 15:34 (PP)

Penalties :
Jared McCann (OTT) for Slashing (Minor) at 11:57, Jared McCann (OTT) for Slashing (Minor) at 15:30

2nd period

3. Penguins , Patric Hornqvist 4 (Markus Granlund 5, Adam Lowry 1) at 8:18 (PP)

Penalties :
Jared McCann (OTT) for Holding (Minor) at 8:03, Nikita Zaitsev (OTT) for Tripping (Minor) at 9:09, Roman Polak (PIT) for Roughing (Minor) at 12:50, Dustin Brown (OTT) for Tripping (Minor) at 17:51

3rd period

4. Penguins , Marcus Foligno 2 (Sam Bennett 1, Miro Heiskanen 1) at 7:47
5. Senateurs , Erik Haula 1 (Tanner Pearson 1, Erik Gustafsson 2) at 10:44

Penalties :
Niklas Kronwall (PIT) for Hooking (Minor) at 2:13

Goalie Stats

Tuukka Rask (PIT), 26 saves from 28 shots - (0,929), W, 3-1-0, 60:00 minutes
Mike Smith (OTT), 28 saves from 31 shots - (0,903), L, 3-2-0, 59:59 minutes

Players Stats for Penguins

Player Name              G  A  P  +/- PIM S  H  SB GA TA FO     MP     PP MP  PK MP  
------------------------------------------------------------------------------------
Adam Lowry               1  1  2  -1  0   2  2  1  1  0  15/33  21:42   3:11   2:14 
Dmitry Orlov             0  0  0  -1  0   0  2  2  0  0  0/0    20:22   2:07   1:22 
Greg Carey               0  0  0   0  0   0  0  0  0  0  0/0     0:41   0:06   0:00 
Jacob Larsson            0  0  0   1  0   0  0  4  0  2  0/0    12:48   0:00   1:30 
Jesperi Kotkaniemi       0  0  0   0  0   0  0  0  0  0  0/0     3:37   0:06   0:15 
Joel Armia               0  0  0   0  0   1  1  0  0  0  0/0    19:24   2:59   0:28 
Marcus Foligno           1  0  1   0  0   3  0  0  1  0  0/1    12:59   0:00   0:54 
Markus Granlund          0  1  1  -1  0   7  0  0  1  0  1/2    20:16   3:11   0:35 
Mikkel Boedker           0  0  0   0  0   3  4  0  0  0  0/1    18:43   2:59   0:00 
Miro Heiskanen           0  1  1   1  0   1  0  0  0  0  0/0    11:56   0:00   0:17 
Niklas Kronwall          0  0  0  -1  2   1  2  0  1  0  0/0    20:04   2:07   0:52 
Patric Hornqvist         1  1  2  -1  0   4  1  0  0  0  0/3    24:08   3:11   2:14 
Reid Boucher             0  0  0   0  0   3  1  0  2  2  0/1    12:03   0:00   0:00 
Roman Polak              0  1  1  -1  2   3  2  1  0  0  0/0    26:34   4:09   1:12 
Sam Bennett              0  1  1   0  0   1  3  0  0  0  3/8    13:22   0:00   1:16 
Steve Bernier            0  0  0   0  0   0  1  0  0  0  1/1     5:09   0:06   0:00 
Tim Schaller             0  0  0   0  0   1  0  0  0  2  1/10   19:27   2:59   0:24 
Tyler Myers              0  0  0  -1  0   1  3  2  0  1  0/0    27:42   4:09   2:19 
Vladimir Sobotka         0  0  0   0  0   0  0  0  0  0  0/1     5:03   0:00   0:00 

Players Stats for Senateurs

Player Name              G  A  P  +/- PIM S  H  SB GA TA FO     MP     PP MP  PK MP  
------------------------------------------------------------------------------------
Christian Folin          0  0  0   0  0   0  3  0  0  0  0/0    11:51   0:21   0:00 
Devin Shore              0  1  1   1  0   1  0  0  0  0  0/0    15:07   0:43   0:00 
Dougie Hamilton          0  0  0   1  0   0  2  1  0  0  0/0    21:44   1:10   2:42 
Dustin Brown             0  0  0   0  2   2  5  1  0  0  0/2    21:07   2:30   2:33 
Erik Gustafsson          0  1  1   1  0   0  2  1  2  1  0/0    21:44   1:10   2:42 
Erik Haula               1  0  1   0  0   2  2  1  0  0  3/7    13:24   0:27   0:53 
Frans Nielsen            1  0  1   1  0   4  0  0  1  0  9/10   16:15   0:43   1:08 
Jake McCabe              0  0  0   0  0   0  1  2  0  0  0/0    26:25   2:27   3:34 
Jake Virtanen            0  0  0   0  0   0  2  0  1  2  0/0    12:26   0:39   0:00 
Jakub Voracek            0  0  0   0  0   4  1  0  1  1  0/2    19:36   2:32   1:08 
Jared McCann             0  1  1   1  6   2  1  1  2  0  0/0    16:44   0:43   1:06 
Jesper Fast              0  0  0   0  0   1  0  0  0  0  0/0     7:39   0:40   0:00 
Loui Eriksson            0  0  0   0  0   3  0  0  0  0  0/0     9:17   0:00   1:47 
Lucas Wallmark           0  0  0   0  0   2  2  0  0  0  2/2     7:05   0:00   0:00 
Nikita Zaitsev           0  0  0   0  2   3  1  2  0  0  0/0    25:37   2:27   2:47 
Steven Stamkos           0  0  0   0  0   2  1  0  0  2  26/38  22:25   2:32   3:57 
Tanner Pearson           0  1  1   0  0   1  1  0  0  0  0/0    12:18   0:25   0:00 
Trevor van Riemsdyk      0  0  0   0  0   1  0  0  0  0  0/0    12:55   0:21   0:47 

3 Stars

1 - Adam Lowry (PIT)
2 - Patric Hornqvist (PIT)
3 - Erik Haula (OTT)

Power Play

Penguins - 2 on 5 Attempt(s) - 40,00%
Senateurs - 0 on 2 Attempt(s) - 0,00%

Penalty Kill

Penguins - 2 on 2 Attempt(s) - 100,00% - Score 0 goal in Penalty Kill
Senateurs - 3 on 5 Attempt(s) - 60,00% - Score 0 goal in Penalty Kill

Team Stat

Penguins - Hits : 22 - Faceoff Wins : 21 - Blocked Shots : 10 - Penalty Minutes : 4
Senateurs - Hits : 24 - Faceoff Wins : 40 - Blocked Shots : 9 - Penalty Minutes : 10

Official

Referees : Graham Skiliter and Evgeny Romasko
Linesman : Scott Driscoll and Mike Cvik

Game Notes

No Game Note

Penguins

5 vs 5 Forward 
   Center                   Left Wing                Right Wing               Time % Phy DF OF 
 1 Adam Lowry               Patric Hornqvist         Markus Granlund          40     1   2  2  
 2 Tim Schaller             Mikkel Boedker           Joel Armia               30     1   2  2  
 3 Sam Bennett              Marcus Foligno           Reid Boucher             20     1   2  2  
 4 Vladimir Sobotka         Patric Hornqvist         Steve Bernier            10     1   2  2  

5 vs 5 Defense 
   Defense                  Defense                                           Time % Phy DF OF 
 1 Roman Polak              Tyler Myers                                       40     1   2  2  
 2 Dmitry Orlov             Niklas Kronwall                                   30     1   2  2  
 3 Miro Heiskanen           Jacob Larsson                                     20     1   2  2  
 4 Roman Polak              Tyler Myers                                       10     1   2  2  

PowerPlay Forward 
   Center                   Left Wing                Right Wing               Time % Phy DF OF 
 1 Adam Lowry               Patric Hornqvist         Markus Granlund          60     1   2  2  
 2 Tim Schaller             Mikkel Boedker           Joel Armia               40     1   2  2  

PowerPlay Defense
   Defense                  Defense                                           Time % Phy DF OF 
 1 Roman Polak              Tyler Myers                                       60     1   2  2  
 2 Dmitry Orlov             Niklas Kronwall                                   40     1   2  2  

Penalty Kill 4 Players Forward 
   Center                   Wing                     Time % Phy DF OF 
 1 Patric Hornqvist         Adam Lowry               60     1   2  2  
 2 Markus Granlund          Joel Armia               40     1   2  2  

Penalty Kill 4 Players Defense
   Defense                  Defense                  Time % Phy DF OF 
 1 Roman Polak              Tyler Myers              60     1   2  2  
 2 Dmitry Orlov             Niklas Kronwall          40     1   2  2  

Penalty Kill - 3 Players Forward 
   Forward                                           Time % Phy DF OF 
 1 Patric Hornqvist                                  60     1   2  2  
 2 Adam Lowry                                        40     1   2  2  

Penalty Kill - 3 Players Defense
   Defense                  Defense                  Time % Phy DF OF 
 1 Roman Polak              Tyler Myers              60     1   2  2  
 2 Dmitry Orlov             Niklas Kronwall          40     1   2  2  

4 vs 4 Forward 
   Center                   Wing                     Time % Phy DF OF 
 1 Patric Hornqvist         Adam Lowry               60     1   2  2  
 2 Markus Granlund          Joel Armia               40     1   2  2  

4 vs 4 Defense
   Defense                  Defense                  Time % Phy DF OF 
 1 Roman Polak              Tyler Myers              60     1   2  2  
 2 Dmitry Orlov             Niklas Kronwall          40     1   2  2  

Last Minutes Offensive
   Center                   Left Wing                Right Wing               Defense                  Defense                  
   Adam Lowry               Patric Hornqvist         Markus Granlund          Roman Polak              Tyler Myers              

Last Minutes Defensive
   Center                   Left Wing                Right Wing               Defense                  Defense                  
   Adam Lowry               Patric Hornqvist         Markus Granlund          Roman Polak              Tyler Myers              

Goaltenders
Starting : Tuukka Rask              
Backup : Jack Campbell            

Extra Forwards
Normal : Jesperi Kotkaniemi, Greg Carey, Sam Bennett - PP : Jesperi Kotkaniemi, Greg Carey - PK : Sam Bennett
Extra Defensemen
Normal : Miro Heiskanen, Jacob Larsson, Tim Schaller - PP : Miro Heiskanen - PK : Jacob Larsson, Tim Schaller
Penalty Shots
Patric Hornqvist, Adam Lowry, Markus Granlund, Joel Armia, Mikkel Boedker
Custom OT Lines Forwards
Patric Hornqvist, Adam Lowry, Markus Granlund, Joel Armia, Mikkel Boedker, Tim Schaller, Sam Bennett, Marcus Foligno, Reid Boucher, Vladimir Sobotka
Custom OT Lines Defensemen
Roman Polak, Tyler Myers, Dmitry Orlov, Niklas Kronwall, Tim Schaller

Scratches
Mikael Granlund (Healthy), Brent Burns (Healthy), Brian Boyle (Healthy), Auston Matthews (Healthy)

Senateurs

5 vs 5 Forward 
   Center                   Left Wing                Right Wing               Time % Phy DF OF 
 1 Steven Stamkos           Dustin Brown             Jakub Voracek            40     1   2  2  
 2 Frans Nielsen            Devin Shore              Jared McCann             30     1   2  2  
 3 Erik Haula               Tanner Pearson           Jake Virtanen            20     1   2  2  
 4 Lucas Wallmark           Loui Eriksson            Jesper Fast              10     1   2  2  

5 vs 5 Defense 
   Defense                  Defense                                           Time % Phy DF OF 
 1 Nikita Zaitsev           Jake McCabe                                       40     1   2  2  
 2 Dougie Hamilton          Erik Gustafsson                                   30     1   2  2  
 3 Christian Folin          Trevor van Riemsdyk                               20     1   2  2  
 4 Nikita Zaitsev           Jake McCabe                                       10     1   2  2  

PowerPlay Forward 
   Center                   Left Wing                Right Wing               Time % Phy DF OF 
 1 Steven Stamkos           Dustin Brown             Jakub Voracek            60     1   2  2  
 2 Frans Nielsen            Devin Shore              Jared McCann             40     1   2  2  

PowerPlay Defense
   Defense                  Defense                                           Time % Phy DF OF 
 1 Nikita Zaitsev           Jake McCabe                                       60     1   2  2  
 2 Dougie Hamilton          Erik Gustafsson                                   40     1   2  2  

Penalty Kill 4 Players Forward 
   Center                   Wing                     Time % Phy DF OF 
 1 Steven Stamkos           Dustin Brown             60     1   2  2  
 2 Jakub Voracek            Frans Nielsen            40     1   2  2  

Penalty Kill 4 Players Defense
   Defense                  Defense                  Time % Phy DF OF 
 1 Nikita Zaitsev           Jake McCabe              60     1   2  2  
 2 Dougie Hamilton          Erik Gustafsson          40     1   2  2  

Penalty Kill - 3 Players Forward 
   Forward                                           Time % Phy DF OF 
 1 Steven Stamkos                                    60     1   2  2  
 2 Dustin Brown                                      40     1   2  2  

Penalty Kill - 3 Players Defense
   Defense                  Defense                  Time % Phy DF OF 
 1 Nikita Zaitsev           Jake McCabe              60     1   2  2  
 2 Dougie Hamilton          Erik Gustafsson          40     1   2  2  

4 vs 4 Forward 
   Center                   Wing                     Time % Phy DF OF 
 1 Steven Stamkos           Dustin Brown             60     1   2  2  
 2 Jakub Voracek            Frans Nielsen            40     1   2  2  

4 vs 4 Defense
   Defense                  Defense                  Time % Phy DF OF 
 1 Nikita Zaitsev           Jake McCabe              60     1   2  2  
 2 Dougie Hamilton          Erik Gustafsson          40     1   2  2  

Last Minutes Offensive
   Center                   Left Wing                Right Wing               Defense                  Defense                  
   Steven Stamkos           Dustin Brown             Jakub Voracek            Nikita Zaitsev           Jake McCabe              

Last Minutes Defensive
   Center                   Left Wing                Right Wing               Defense                  Defense                  
   Steven Stamkos           Dustin Brown             Jakub Voracek            Nikita Zaitsev           Jake McCabe              

Goaltenders
Starting : Mike Smith               
Backup : Cory Schneider           

Extra Forwards
Normal : Tanner Pearson, Jake Virtanen, Loui Eriksson - PP : Tanner Pearson, Jake Virtanen - PK : Loui Eriksson
Extra Defensemen
Normal : Christian Folin, Trevor van Riemsdyk, Dougie Hamilton - PP : Christian Folin - PK : Trevor van Riemsdyk, Dougie Hamilton
Penalty Shots
Steven Stamkos, Dustin Brown, Jakub Voracek, Frans Nielsen, Devin Shore
Custom OT Lines Forwards
Steven Stamkos, Dustin Brown, Jakub Voracek, Frans Nielsen, Devin Shore, Jared McCann, Tanner Pearson, Jake Virtanen, Loui Eriksson, Jesper Fast
Custom OT Lines Defensemen
Nikita Zaitsev, Jake McCabe, Dougie Hamilton, Erik Gustafsson, Christian Folin

Scratches
Karl Alzner (Left Foot Injury), Jack Roslovic (Healthy), Ryan Spooner (Healthy)

% Time on Ice - Penguins

Lines # - Real PCT - Wanted PCT - Time Play
Normal Forward
1 - 31% - 40% - 15:06
2 - 34% - 30% - 16:21
3 - 25% - 20% - 12:03
4 - 10% - 10% - 5:03
Normal Defense
1 - 37% - 40% - 18:07
2 - 35% - 30% - 16:58
3 - 24% - 20% - 11:34
4 - 4% - 10% - 1:54
PP Forward
1 - 52% - 60% - 3:17
2 - 48% - 40% - 2:59
PP Defense
1 - 66% - 60% - 4:09
2 - 34% - 40% - 2:07
PK Forward
1 - 85% - 60% - 3:23
2 - 15% - 40% - 0:35
PK Defense
1 - 62% - 60% - 2:28
2 - 38% - 40% - 1:30
PK3 Forward
1 - 0% - 60%
2 - 0% - 40%
PK3 Defense
1 - 0% - 60%
2 - 0% - 40%
44 Forward
1 - 0% - 60%
2 - 0% - 40%
44 Defense
1 - 0% - 60%
2 - 0% - 40%
Last Minute Offensive  - 0:00
Last Minute Defensive  - 1:13
Total
Forward - 60:00
Defense - 60:00

% Time on Ice - Senateurs

Lines # - Real PCT - Wanted PCT - Time Play
Normal Forward
1 - 32% - 40% - 15:18
2 - 30% - 30% - 14:24
3 - 24% - 20% - 11:47
4 - 15% - 10% - 7:05
Normal Defense
1 - 36% - 40% - 17:39
2 - 37% - 30% - 17:54
3 - 23% - 20% - 11:20
4 - 3% - 10% - 1:41
PP Forward
1 - 82% - 60% - 3:15
2 - 18% - 40% - 0:43
PP Defense
1 - 62% - 60% - 2:27
2 - 38% - 40% - 1:31
PK Forward
1 - 82% - 60% - 5:08
2 - 18% - 40% - 1:08
PK Defense
1 - 57% - 60% - 3:34
2 - 43% - 40% - 2:42
PK3 Forward
1 - 0% - 60%
2 - 0% - 40%
PK3 Defense
1 - 0% - 60%
2 - 0% - 40%
44 Forward
1 - 0% - 60%
2 - 0% - 40%
44 Defense
1 - 0% - 60%
2 - 0% - 40%
Last Minute Offensive  - 1:12
Last Minute Defensive  - 0:00
Total
Forward - 60:00
Defense - 60:00

Play-by-Play

1st period


0:01 of 1st period - Steven Stamkos wins face-off versus Adam Lowry in neutral zone.
0:26 of 1st period - Frans Nielsen is hit by Joel Armia and loses puck.
0:37 of 1st period - Snap shot by Joel Armia.
0:37 of 1st period - Shot Misses the Net.
0:39 of 1st period - Wrist shot by Roman Polak.
0:39 of 1st period - Shot Misses the Net.
1:11 of 1st period - Slapshot by Jake McCabe.
1:11 of 1st period - Deflect By Lucas Wallmark.
1:11 of 1st period - Stopped by Tuukka Rask without a rebound.
1:12 of 1st period - Lucas Wallmark wins face-off versus Vladimir Sobotka in Penguins zone.
1:23 of 1st period - Slapshot by Erik Gustafsson.
1:23 of 1st period - Shot Blocked by Jacob Larsson.
1:25 of 1st period - Snap shot by Jesper Fast.
1:25 of 1st period - Shot Misses the Net.
1:27 of 1st period - Slapshot by Loui Eriksson.
1:27 of 1st period - Deflect By Lucas Wallmark.
1:27 of 1st period - Shot Misses the Net.
1:27 of 1st period - Puck is out of play.
1:28 of 1st period - Steven Stamkos wins face-off versus Tim Schaller in Penguins zone.
2:10 of 1st period - Wrist shot by Steven Stamkos.
2:10 of 1st period - Stopped by Tuukka Rask with a rebound.
3:21 of 1st period - Wrist shot by Jared McCann.
3:21 of 1st period - Stopped by Tuukka Rask with a rebound.
3:33 of 1st period - Jake Virtanen is hit by Adam Lowry and loses puck.
4:03 of 1st period - Snap shot by Loui Eriksson.
4:03 of 1st period - Stopped by Tuukka Rask without a rebound.
4:04 of 1st period - Frans Nielsen wins face-off versus Reid Boucher in Penguins zone.
4:15 of 1st period - Wrist shot by Reid Boucher.
4:15 of 1st period - Stopped by Mike Smith with a rebound.
4:17 of 1st period - Slapshot by Roman Polak.
4:17 of 1st period - Stopped by Mike Smith without a rebound.
4:18 of 1st period - Steven Stamkos wins face-off versus Markus Granlund in Senateurs zone.
4:18 of 1st period - Steven Stamkos is hit by Roman Polak.
4:32 of 1st period - Roman Polak is hit by Nikita Zaitsev and loses puck.
4:45 of 1st period - Devin Shore is hit by Roman Polak and loses puck.
5:14 of 1st period - Snap shot by Erik Haula.
5:14 of 1st period - Shot Misses the Net.
5:16 of 1st period - Slapshot by Nikita Zaitsev.
5:16 of 1st period - Stopped by Tuukka Rask without a rebound.
5:17 of 1st period - Steven Stamkos wins face-off versus Adam Lowry in Penguins zone.
5:20 of 1st period - Snap shot by Jakub Voracek.
5:20 of 1st period - Stopped by Tuukka Rask without a rebound.
5:21 of 1st period - Steven Stamkos wins face-off versus Adam Lowry in Penguins zone.
5:48 of 1st period - Frans Nielsen is hit by Mikkel Boedker and loses puck.
6:15 of 1st period - Wrist shot by Reid Boucher.
6:15 of 1st period - Deflect By Marcus Foligno.
6:15 of 1st period - Shot Misses the Net.
6:15 of 1st period - Puck is out of play.
6:16 of 1st period - Adam Lowry wins face-off versus Erik Haula in Senateurs zone.
6:19 of 1st period - Slapshot by Patric Hornqvist.
6:19 of 1st period - Stopped by Mike Smith with a rebound.
6:21 of 1st period - Slapshot by Roman Polak.
6:21 of 1st period - Shot Misses the Net.
6:23 of 1st period - Slapshot by Roman Polak.
6:23 of 1st period - Stopped by Mike Smith with a rebound.
7:12 of 1st period - Tyler Myers is hit by Jake Virtanen and loses puck.
7:37 of 1st period - Joel Armia is hit by Erik Haula and loses puck.
7:56 of 1st period - Wrist shot by Erik Haula.
7:56 of 1st period - Deflect By Jake Virtanen.
7:56 of 1st period - Shot Misses the Net.
7:56 of 1st period - Puck is out of play.
7:57 of 1st period - Steven Stamkos wins face-off versus Adam Lowry in Penguins zone.
8:02 of 1st period - Wrist shot by Jakub Voracek.
8:02 of 1st period - Stopped by Tuukka Rask without a rebound.
8:03 of 1st period - Steven Stamkos wins face-off versus Adam Lowry in Penguins zone.
8:38 of 1st period - Icing by Marcus Foligno.
8:39 of 1st period - Steven Stamkos wins face-off versus Sam Bennett in Penguins zone.
8:46 of 1st period - Slapshot by Steven Stamkos.
8:46 of 1st period - Shot Misses the Net.
9:05 of 1st period - Slapshot by Reid Boucher.
9:05 of 1st period - Stopped by Mike Smith without a rebound.
9:06 of 1st period - Frans Nielsen wins face-off versus Adam Lowry in Senateurs zone.
9:52 of 1st period - Wrist shot by Frans Nielsen.
9:52 of 1st period - Goal by Frans Nielsen - Penguins : 0 - Senateurs : 1.
9:53 of 1st period - Adam Lowry wins face-off versus Steven Stamkos in neutral zone.
9:56 of 1st period - Dustin Brown is hit by Niklas Kronwall and loses puck.
10:33 of 1st period - Snap shot by Steven Stamkos.
10:33 of 1st period - Stopped by Tuukka Rask without a rebound.
10:34 of 1st period - Lucas Wallmark wins face-off versus Tim Schaller in Penguins zone.
10:59 of 1st period - Jake McCabe is hit by Sam Bennett and loses puck.
11:22 of 1st period - Wrist shot by Patric Hornqvist.
11:22 of 1st period - Stopped by Mike Smith without a rebound.
11:23 of 1st period - Steve Bernier wins face-off versus Steven Stamkos in Senateurs zone.
11:57 of 1st period - Minor Penalty to Jared McCann for Slashing.
11:58 of 1st period - Adam Lowry wins face-off versus Steven Stamkos in Senateurs zone.
12:17 of 1st period - Dustin Brown is hit by Tyler Myers and loses puck.
12:28 of 1st period - Snap shot by Joel Armia.
12:28 of 1st period - Stopped by Mike Smith with a rebound.
12:30 of 1st period - Slapshot by Tyler Myers.
12:30 of 1st period - Stopped by Mike Smith with a rebound.
13:57 of 1st period - Penalty to Jared McCann is over, Jared McCann is back on ice.
14:08 of 1st period - Snap shot by Frans Nielsen.
14:08 of 1st period - Stopped by Tuukka Rask without a rebound.
14:09 of 1st period - Frans Nielsen wins face-off versus Sam Bennett in Penguins zone.
14:12 of 1st period - Wrist shot by Jared McCann.
14:12 of 1st period - Shot Misses the Net.
14:14 of 1st period - Snap shot by Trevor van Riemsdyk.
14:14 of 1st period - Shot Blocked by Jacob Larsson.
14:20 of 1st period - Snap shot by Devin Shore.
14:20 of 1st period - Shot Misses the Net.
14:22 of 1st period - Snap shot by Devin Shore.
14:22 of 1st period - Shot Blocked by Jacob Larsson.
14:57 of 1st period - Wrist shot by Steven Stamkos.
14:57 of 1st period - Deflect By Niklas Kronwall.
14:57 of 1st period - Shot Blocked by Dmitry Orlov.
14:57 of 1st period - Puck is out of play.
14:58 of 1st period - Sam Bennett wins face-off versus Steven Stamkos in Penguins zone.
14:58 of 1st period - Sam Bennett is hit by Dustin Brown.
15:12 of 1st period - Wrist shot by Reid Boucher.
15:12 of 1st period - Stopped by Mike Smith with a rebound.
15:30 of 1st period - Minor Penalty to Jared McCann for Slashing.
15:31 of 1st period - Adam Lowry wins face-off versus Steven Stamkos in Senateurs zone.
15:32 of 1st period - Wrist shot by Patric Hornqvist.
15:32 of 1st period - Shot Misses the Net.
15:34 of 1st period - Slapshot by Roman Polak.
15:34 of 1st period - Deflect By Adam Lowry.
15:34 of 1st period - Goal by Adam Lowry - Penguins : 1 - Senateurs : 1.
15:35 of 1st period - Adam Lowry wins face-off versus Steven Stamkos in neutral zone.
15:40 of 1st period - Slapshot by Markus Granlund.
15:40 of 1st period - Shot Blocked by Dustin Brown.
15:43 of 1st period - Icing by Jakub Voracek.
15:44 of 1st period - Steven Stamkos wins face-off versus Adam Lowry in Senateurs zone.
16:03 of 1st period - Snap shot by Jakub Voracek.
16:03 of 1st period - Shot Misses the Net.
16:27 of 1st period - Snap shot by Adam Lowry.
16:27 of 1st period - Deflect By Markus Granlund.
16:27 of 1st period - Stopped by Mike Smith without a rebound.
16:28 of 1st period - Frans Nielsen wins face-off versus Tim Schaller in Senateurs zone.
16:55 of 1st period - Reid Boucher is hit by Dougie Hamilton and loses puck.
17:04 of 1st period - Jake Virtanen is hit by Sam Bennett and loses puck.
17:17 of 1st period - Snap shot by Loui Eriksson.
17:17 of 1st period - Shot Misses the Net.
17:19 of 1st period - Wrist shot by Lucas Wallmark.
17:19 of 1st period - Stopped by Tuukka Rask with a rebound.
17:21 of 1st period - Wrist shot by Jesper Fast.
17:21 of 1st period - Shot Blocked by Jacob Larsson.
17:23 of 1st period - Slapshot by Trevor van Riemsdyk.
17:23 of 1st period - Stopped by Tuukka Rask without a rebound.
17:24 of 1st period - Steven Stamkos wins face-off versus Tim Schaller in Penguins zone.
17:25 of 1st period - Snap shot by Jakub Voracek.
17:25 of 1st period - Stopped by Tuukka Rask with a rebound.
18:01 of 1st period - Icing by Tyler Myers.
18:02 of 1st period - Adam Lowry wins face-off versus Erik Haula in Penguins zone.
18:28 of 1st period - Adam Lowry is hit by Jakub Voracek and loses puck.
18:44 of 1st period - Icing by Niklas Kronwall.
18:45 of 1st period - Markus Granlund wins face-off versus Frans Nielsen in Penguins zone.
18:45 of 1st period - Markus Granlund is hit by Jake McCabe.
19:17 of 1st period - Off-side.
19:18 of 1st period - Steven Stamkos wins face-off versus Sam Bennett in neutral zone.
19:47 of 1st period - Wrist shot by Frans Nielsen.
19:47 of 1st period - Stopped by Tuukka Rask with a rebound.
19:55 of 1st period - Slapshot by Frans Nielsen.
19:55 of 1st period - Shot Hit the Post.
Goals for this period are 1 for Penguins vs 1 for Senateurs.
Shots for this period are 11 for Penguins vs 14 for Senateurs.

2nd period


0:01 of 2nd period - Adam Lowry wins face-off versus Dustin Brown in neutral zone.
0:11 of 2nd period - Snap shot by Patric Hornqvist.
0:11 of 2nd period - Shot Blocked by Nikita Zaitsev.
0:13 of 2nd period - Slapshot by Adam Lowry.
0:13 of 2nd period - Stopped by Mike Smith with a rebound.
0:15 of 2nd period - Snap shot by Roman Polak.
0:15 of 2nd period - Stopped by Mike Smith without a rebound.
0:16 of 2nd period - Frans Nielsen wins face-off versus Tim Schaller in Senateurs zone.
0:41 of 2nd period - Jakub Voracek is hit by Adam Lowry.
0:52 of 2nd period - Icing by Steven Stamkos.
0:53 of 2nd period - Adam Lowry wins face-off versus Steven Stamkos in Senateurs zone.
2:23 of 2nd period - Slapshot by Markus Granlund.
2:23 of 2nd period - Stopped by Mike Smith without a rebound.
2:24 of 2nd period - Steven Stamkos wins face-off versus Adam Lowry in Senateurs zone.
3:35 of 2nd period - Markus Granlund is hit by Steven Stamkos and loses puck.
4:32 of 2nd period - Snap shot by Markus Granlund.
4:32 of 2nd period - Stopped by Mike Smith with a rebound.
5:07 of 2nd period - Wrist shot by Jesper Fast.
5:07 of 2nd period - Stopped by Tuukka Rask with a rebound.
6:53 of 2nd period - Wrist shot by Erik Gustafsson.
6:53 of 2nd period - Shot Blocked by Dmitry Orlov.
7:05 of 2nd period - Snap shot by Jakub Voracek.
7:05 of 2nd period - Stopped by Tuukka Rask with a rebound.
7:18 of 2nd period - Off-side.
7:19 of 2nd period - Erik Haula wins face-off versus Sam Bennett in neutral zone.
7:30 of 2nd period - Slapshot by Tanner Pearson.
7:30 of 2nd period - Stopped by Tuukka Rask without a rebound.
7:31 of 2nd period - Adam Lowry wins face-off versus Jakub Voracek in Penguins zone.
7:31 of 2nd period - Adam Lowry is hit by Dustin Brown.
7:57 of 2nd period - Jake McCabe is hit by Dmitry Orlov and loses puck.
8:03 of 2nd period - Minor Penalty to Jared McCann for Holding.
8:04 of 2nd period - Adam Lowry wins face-off versus Steven Stamkos in Senateurs zone.
8:18 of 2nd period - Snap shot by Patric Hornqvist.
8:18 of 2nd period - Goal by Patric Hornqvist - Penguins : 2 - Senateurs : 1.
8:19 of 2nd period - Adam Lowry wins face-off versus Steven Stamkos in neutral zone.
8:44 of 2nd period - Mikkel Boedker is hit by Jared McCann and loses puck.
9:07 of 2nd period - Slapshot by Reid Boucher.
9:07 of 2nd period - Shot Misses the Net.
9:09 of 2nd period - Minor Penalty to Nikita Zaitsev for Tripping.
9:10 of 2nd period - Steven Stamkos wins face-off versus Adam Lowry in Senateurs zone.
9:19 of 2nd period - Wrist shot by Markus Granlund.
9:19 of 2nd period - Stopped by Mike Smith without a rebound.
9:20 of 2nd period - Steven Stamkos wins face-off versus Adam Lowry in Senateurs zone.
10:05 of 2nd period - Slapshot by Mikkel Boedker.
10:05 of 2nd period - Stopped by Mike Smith with a rebound.
10:35 of 2nd period - Dmitry Orlov is hit by Erik Gustafsson and loses puck.
11:09 of 2nd period - Penalty to Nikita Zaitsev is over, Nikita Zaitsev is back on ice.
11:17 of 2nd period - Slapshot by Reid Boucher.
11:17 of 2nd period - Shot Misses the Net.
11:23 of 2nd period - Slapshot by Jake McCabe.
11:23 of 2nd period - Deflect By Loui Eriksson.
11:23 of 2nd period - Stopped by Tuukka Rask with a rebound.
11:25 of 2nd period - Snap shot by Loui Eriksson.
11:25 of 2nd period - Deflect By Miro Heiskanen.
11:25 of 2nd period - Stopped by Tuukka Rask without a rebound.
11:26 of 2nd period - Sam Bennett wins face-off versus Erik Haula in Penguins zone.
11:42 of 2nd period - Dmitry Orlov is hit by Erik Gustafsson.
11:52 of 2nd period - Jared McCann is hit by Steve Bernier and loses puck.
11:59 of 2nd period - Wrist shot by Patric Hornqvist.
11:59 of 2nd period - Stopped by Mike Smith with a rebound.
12:21 of 2nd period - Jake McCabe is hit by Tyler Myers and loses puck.
12:50 of 2nd period - Minor Penalty to Roman Polak for Roughing.
12:51 of 2nd period - Steven Stamkos wins face-off versus Patric Hornqvist in Penguins zone.
13:15 of 2nd period - Icing by Jared McCann.
13:16 of 2nd period - Frans Nielsen wins face-off versus Patric Hornqvist in Senateurs zone.
14:39 of 2nd period - Jake McCabe is hit by Tyler Myers and loses puck.
14:50 of 2nd period - Penalty to Roman Polak is over, Roman Polak is back on ice.
14:59 of 2nd period - Snap shot by Mikkel Boedker.
14:59 of 2nd period - Shot Misses the Net.
15:09 of 2nd period - Slapshot by Jake Virtanen.
15:09 of 2nd period - Shot Misses the Net.
15:35 of 2nd period - Niklas Kronwall is hit by Christian Folin and loses puck.
16:17 of 2nd period - Steve Bernier is hit by Christian Folin and loses puck.
16:24 of 2nd period - Frans Nielsen is hit by Dmitry Orlov and loses puck.
16:50 of 2nd period - Erik Gustafsson is hit by Mikkel Boedker and loses puck.
16:59 of 2nd period - Jacob Larsson is hit by Lucas Wallmark and loses puck.
17:10 of 2nd period - Joel Armia is hit by Erik Haula and loses puck.
17:17 of 2nd period - Snap shot by Erik Haula.
17:17 of 2nd period - Stopped by Tuukka Rask without a rebound.
17:18 of 2nd period - Steven Stamkos wins face-off versus Adam Lowry in Penguins zone.
17:21 of 2nd period - Wrist shot by Steven Stamkos.
17:21 of 2nd period - Shot Blocked by Tyler Myers.
17:31 of 2nd period - Snap shot by Markus Granlund.
17:31 of 2nd period - Stopped by Mike Smith without a rebound.
17:32 of 2nd period - Steven Stamkos wins face-off versus Adam Lowry in Senateurs zone.
17:51 of 2nd period - Minor Penalty to Dustin Brown for Tripping.
17:52 of 2nd period - Steven Stamkos wins face-off versus Adam Lowry in Senateurs zone.
18:20 of 2nd period - Slapshot by Joel Armia.
18:20 of 2nd period - Shot Misses the Net.
18:22 of 2nd period - Slapshot by Niklas Kronwall.
18:22 of 2nd period - Shot Blocked by Nikita Zaitsev.
18:24 of 2nd period - Snap shot by Niklas Kronwall.
18:24 of 2nd period - Stopped by Mike Smith without a rebound.
18:25 of 2nd period - Steven Stamkos wins face-off versus Tim Schaller in Senateurs zone.
18:39 of 2nd period - Off-side.
18:40 of 2nd period - Adam Lowry wins face-off versus Steven Stamkos in neutral zone.
18:45 of 2nd period - Snap shot by Patric Hornqvist.
18:45 of 2nd period - Shot Blocked by Jake McCabe.
18:47 of 2nd period - Snap shot by Adam Lowry.
18:47 of 2nd period - Shot Blocked by Jared McCann.
19:11 of 2nd period - Wrist shot by Mikkel Boedker.
19:11 of 2nd period - Stopped by Mike Smith with a rebound.
19:13 of 2nd period - Snap shot by Mikkel Boedker.
19:13 of 2nd period - Stopped by Mike Smith with a rebound.
19:15 of 2nd period - Wrist shot by Mikkel Boedker.
19:15 of 2nd period - Deflect By Tim Schaller.
19:15 of 2nd period - Shot Misses the Net.
19:15 of 2nd period - Puck is out of play.
19:16 of 2nd period - Steven Stamkos wins face-off versus Mikkel Boedker in Senateurs zone.
19:43 of 2nd period - Backhand shot by Joel Armia.
19:43 of 2nd period - Shot Misses the Net.
19:45 of 2nd period - Snap shot by Mikkel Boedker.
19:45 of 2nd period - Shot Blocked by Erik Gustafsson.
19:47 of 2nd period - Wrist shot by Tim Schaller.
19:47 of 2nd period - Shot Blocked by Erik Haula.
19:49 of 2nd period - Snap shot by Tim Schaller.
19:49 of 2nd period - Shot Blocked by Dougie Hamilton.
19:51 of 2nd period - Penalty to Dustin Brown is over, Dustin Brown is back on ice.
Goals for this period are 1 for Penguins vs 0 for Senateurs.
Shots for this period are 12 for Penguins vs 6 for Senateurs.

3rd period


0:01 of 3rd period - Adam Lowry wins face-off versus Jakub Voracek in neutral zone.
0:33 of 3rd period - Icing by Jared McCann.
0:34 of 3rd period - Frans Nielsen wins face-off versus Tim Schaller in Senateurs zone.
0:34 of 3rd period - Frans Nielsen is hit by Mikkel Boedker.
1:15 of 3rd period - Snap shot by Frans Nielsen.
1:15 of 3rd period - Shot Misses the Net.
1:35 of 3rd period - Snap shot by Devin Shore.
1:35 of 3rd period - Deflect By Frans Nielsen.
1:35 of 3rd period - Stopped by Tuukka Rask with a rebound.
1:37 of 3rd period - Snap shot by Jared McCann.
1:37 of 3rd period - Stopped by Tuukka Rask with a rebound.
2:13 of 3rd period - Minor Penalty to Niklas Kronwall for Hooking.
2:14 of 3rd period - Steven Stamkos wins face-off versus Patric Hornqvist in Penguins zone.
2:40 of 3rd period - Roman Polak is hit by Dustin Brown.
3:55 of 3rd period - Adam Lowry is hit by Christian Folin and loses puck.
4:13 of 3rd period - Penalty to Niklas Kronwall is over, Niklas Kronwall is back on ice.
6:11 of 3rd period - Icing by Loui Eriksson.
6:12 of 3rd period - Adam Lowry wins face-off versus Steven Stamkos in Senateurs zone.
6:15 of 3rd period - Wrist shot by Patric Hornqvist.
6:15 of 3rd period - Shot Misses the Net.
6:25 of 3rd period - Niklas Kronwall is hit by Dougie Hamilton and loses puck.
7:33 of 3rd period - Off-side.
7:34 of 3rd period - Sam Bennett wins face-off versus Erik Haula in neutral zone.
7:37 of 3rd period - Slapshot by Marcus Foligno.
7:37 of 3rd period - Stopped by Mike Smith with a rebound.
7:39 of 3rd period - Wrist shot by Miro Heiskanen.
7:39 of 3rd period - Deflect By Erik Haula.
7:39 of 3rd period - Stopped by Mike Smith with a rebound.
7:41 of 3rd period - Slapshot by Miro Heiskanen.
7:41 of 3rd period - Shot Misses the Net.
7:43 of 3rd period - Slapshot by Miro Heiskanen.
7:43 of 3rd period - Shot Blocked by Jake McCabe.
7:45 of 3rd period - Snap shot by Sam Bennett.
7:45 of 3rd period - Shot Misses the Net.
7:47 of 3rd period - Wrist shot by Marcus Foligno.
7:47 of 3rd period - Goal by Marcus Foligno - Penguins : 3 - Senateurs : 1.
7:48 of 3rd period - Steven Stamkos wins face-off versus Adam Lowry in neutral zone.
7:55 of 3rd period - Slapshot by Jakub Voracek.
7:55 of 3rd period - Shot Misses the Net.
7:57 of 3rd period - Snap shot by Dustin Brown.
7:57 of 3rd period - Stopped by Tuukka Rask without a rebound.
7:58 of 3rd period - Steven Stamkos wins face-off versus Adam Lowry in Penguins zone.
8:19 of 3rd period - Snap shot by Jakub Voracek.
8:19 of 3rd period - Shot Misses the Net.
8:21 of 3rd period - Slapshot by Nikita Zaitsev.
8:21 of 3rd period - Stopped by Tuukka Rask with a rebound.
8:23 of 3rd period - Slapshot by Nikita Zaitsev.
8:23 of 3rd period - Shot Misses the Net.
8:25 of 3rd period - Snap shot by Jakub Voracek.
8:25 of 3rd period - Shot Blocked by Tyler Myers.
8:27 of 3rd period - Wrist shot by Steven Stamkos.
8:27 of 3rd period - Shot Blocked by Roman Polak.
8:29 of 3rd period - Slapshot by Nikita Zaitsev.
8:29 of 3rd period - Stopped by Tuukka Rask with a rebound.
8:39 of 3rd period - Snap shot by Jakub Voracek.
8:39 of 3rd period - Shot Misses the Net.
8:41 of 3rd period - Slapshot by Dustin Brown.
8:41 of 3rd period - Shot Misses the Net.
8:43 of 3rd period - Wrist shot by Dustin Brown.
8:43 of 3rd period - Stopped by Tuukka Rask without a rebound.
8:44 of 3rd period - Frans Nielsen wins face-off versus Tim Schaller in Penguins zone.
8:45 of 3rd period - Snap shot by Devin Shore.
8:45 of 3rd period - Stopped by Tuukka Rask without a rebound.
8:46 of 3rd period - Frans Nielsen wins face-off versus Tim Schaller in Penguins zone.
9:10 of 3rd period - Icing by Joel Armia.
9:11 of 3rd period - Erik Haula wins face-off versus Sam Bennett in Penguins zone.
10:15 of 3rd period - Mikkel Boedker is hit by Lucas Wallmark.
10:40 of 3rd period - Wrist shot by Erik Haula.
10:40 of 3rd period - Shot Blocked by Adam Lowry.
10:42 of 3rd period - Slapshot by Tanner Pearson.
10:42 of 3rd period - Shot Misses the Net.
10:44 of 3rd period - Snap shot by Erik Haula.
10:44 of 3rd period - Goal by Erik Haula - Penguins : 3 - Senateurs : 2.
10:45 of 3rd period - Steven Stamkos wins face-off versus Adam Lowry in neutral zone.
11:34 of 3rd period - Slapshot by Tim Schaller.
11:34 of 3rd period - Shot Misses the Net.
11:36 of 3rd period - Snap shot by Marcus Foligno.
11:36 of 3rd period - Shot Misses the Net.
11:38 of 3rd period - Slapshot by Sam Bennett.
11:38 of 3rd period - Shot Misses the Net.
11:40 of 3rd period - Slapshot by Marcus Foligno.
11:40 of 3rd period - Stopped by Mike Smith with a rebound.
11:44 of 3rd period - Snap shot by Reid Boucher.
11:44 of 3rd period - Shot Misses the Net.
11:58 of 3rd period - Slapshot by Erik Gustafsson.
11:58 of 3rd period - Shot Misses the Net.
12:00 of 3rd period - Wrist shot by Dougie Hamilton.
12:00 of 3rd period - Shot Misses the Net.
13:05 of 3rd period - Snap shot by Sam Bennett.
13:05 of 3rd period - Stopped by Mike Smith with a rebound.
13:20 of 3rd period - Off-side.
13:21 of 3rd period - Tim Schaller wins face-off versus Steven Stamkos in neutral zone.
13:59 of 3rd period - Erik Gustafsson is hit by Niklas Kronwall and loses puck.
14:35 of 3rd period - Christian Folin is hit by Mikkel Boedker and loses puck.
14:44 of 3rd period - Snap shot by Tim Schaller.
14:44 of 3rd period - Stopped by Mike Smith with a rebound.
16:02 of 3rd period - Loui Eriksson is hit by Patric Hornqvist and loses puck.
16:20 of 3rd period - Niklas Kronwall is hit by Dustin Brown and loses puck.
16:37 of 3rd period - Dmitry Orlov is hit by Dustin Brown and loses puck.
16:50 of 3rd period - Frans Nielsen is hit by Sam Bennett and loses puck.
17:15 of 3rd period - Roman Polak is hit by Jake Virtanen and loses puck.
17:34 of 3rd period - Joel Armia is hit by Tanner Pearson and loses puck.
18:02 of 3rd period - Icing by Erik Gustafsson.
18:03 of 3rd period - Erik Haula wins face-off versus Marcus Foligno in Senateurs zone.
18:10 of 3rd period - Jake Virtanen is hit by Reid Boucher and loses puck.
18:55 of 3rd period - Slapshot by Erik Gustafsson.
18:55 of 3rd period - Deflect By Jakub Voracek.
18:55 of 3rd period - Shot Hit the Post.
18:55 of 3rd period - Puck is out of play.
18:56 of 3rd period - Bruce Cassidy call a timeout for Senateurs.
18:56 of 3rd period - Steven Stamkos wins face-off versus Adam Lowry in Penguins zone.
19:41 of 3rd period - Snap shot by Markus Granlund.
19:41 of 3rd period - Shot Misses the Net.
19:43 of 3rd period - Snap shot by Markus Granlund.
19:43 of 3rd period - Deflect By Adam Lowry.
19:43 of 3rd period - Shot Misses the Net.
19:43 of 3rd period - Puck is out of play.
19:44 of 3rd period - Adam Lowry wins face-off versus Dustin Brown in Senateurs zone.
19:49 of 3rd period - Wrist shot by Markus Granlund.
19:49 of 3rd period - Stopped by Mike Smith with a rebound.
19:51 of 3rd period - Slapshot by Roman Polak.
19:51 of 3rd period - Shot Misses the Net.
19:53 of 3rd period - Slapshot by Markus Granlund.
19:53 of 3rd period - Stopped by Mike Smith without a rebound.
19:54 of 3rd period - Steven Stamkos wins face-off versus Adam Lowry in Senateurs zone.
19:59 of 3rd period - Senateurs, Mike Smith is pulled from the net.
Goals for this period are 1 for Penguins vs 1 for Senateurs.
Shots for this period are 8 for Penguins vs 8 for Senateurs.